 Dungeon Crawl Stone Soup version 0.26-a0-259-g1effd001a9 (webtiles) character file.

Game seed: 10136296913926655339

214 sanka the Ducker (level 6, 0/42 HPs)
             Began as a Halfling Monk on July 17, 2020.
             Was a Priest of Ru.
             Succumbed to a scorpion's poison
             ... on level 4 of the Dungeon.
             The game lasted 00:06:22 (3986 turns).

sanka the Ducker (Halfling Monk)                    Turns: 3986, Time: 00:06:23

Health: 0/42       AC:  3    Str: 11 (12) XL:     6   Next: 15%
Magic:  6/6        EV: 33    Int:  6 (8)  God:    Ru [***...]
Gold:   111        SH:  0    Dex: 18 (19) Spells: 5/5 levels left

rFire    . . .     SeeInvis .   a - +0 falchion
rCold    . . .     Faith    .   (shield unavailable)
rNeg     . . .     Spirit   .   b - +0 robe
rPois    .         Reflect  .   c - +0 helmet
rElec    .         Harm     .   (no cloak)
rCorr    .                      (no gloves)
MR       .....                  (no boots)
Stlth    ++........             h - amulet of the acrobat
HPRegen  0.14/turn              (ring unavailable)
MPRegen  0.10/turn              (no ring)

@: brilliant, lethally poisoned (0 -> -9), acrobat, stab, flying
A: small, mutation resistance 1, missing a hand
a: Draw Out Power, Renounce Religion


You were on level 4 of the Dungeon.
You worshipped Ru.
Ru was most pleased with you.
You were not hungry.

You visited 1 branch of the dungeon, and saw 4 of its levels.

You collected 111 gold pieces.


Innate Abilities, Weirdness & Mutations

You are small and have problems with some larger weapons.
You are somewhat resistant to further mutation.
You are missing a hand.


   Skills:
 - Level 3.0 Fighting
 + Level 4.5 Long Blades
 + Level 5.3 Dodging
 - Level 3.0 Stealth


You had 5 spell levels left.
You didn't know any spells.
Your spell library was empty.

Inventory:

Hand Weapons
 a - a +0 falchion (weapon)
Armour
 b - a +0 robe (worn)
 c - a +0 helmet (worn)
Jewellery
 h - an amulet of the acrobat (around neck)
Scrolls
 e - 2 scrolls of blinking {unknown}
 f - a scroll of identify {unknown}
 i - a scroll of teleportation {unknown}
 j - 2 scrolls of noise {unknown}
 k - 2 scrolls of fog {unknown}
 o - a scroll of amnesia {unknown}
 p - a scroll of remove curse {unknown}
Comestibles
 l - 13 rations

Dungeon Overview and Level Annotations

Branches:
Dungeon (4/15)
 Temple: D:4-7

Altars:
Ashenzari
Elyvilon
Makhleb
Ru
Uskayaw
Wu Jian
The Shining One

Annotations:
D:3 3 runed translucent doors, drasked's ghost, amateur SpCj

▒▒▒▒▒▒▒▒▒▒▒▒▒▒▒▒▒▒
▒.................
▒p▒▒▒▒▒▒▒▒<.......
▒.▒ ▒▒▒▒▒▒▒▒▒ ▒s▒
▒.▒ ▒.▒ ▒.▒ ...
... ...


You could see a scorpion.


Message History

It was a potion of flight.
You feel very buoyant.
You fly up into the air.
* * * LOW HITPOINT WARNING * * *
You feel sick. The scorpion closely misses you.
It was a potion of stabbing.
You feel ready to backstab.
* * * LOW HITPOINT WARNING * * *
You feel sick. The scorpion completely misses you.
It was a potion of degeneration.
There was something very wrong with that liquid.
You feel weakened.
You feel dopey.
You feel clumsy.
* * * LOW HITPOINT WARNING * * *
You feel sick.
You redirect the scorpion's attack!
The scorpion stings itself but does no damage.
It was a potion of brilliance.
You feel clever all of a sudden.
* * * LOW HITPOINT WARNING * * *
You feel sick. The scorpion closely misses you.
You riposte.
You barely miss the scorpion.
The scorpion is severely wounded.
Unknown command.
You die...

Action                   |  1- 3 |  4- 6 || total
-------------------------+-------+-------++-------
Melee: Falchion          |   113 |   182 ||   295
Invok: Sacrifice a Hand  |       |     1 ||     1
  Use: Potion            |       |     5 ||     5
 Stab: Sleeping          |     7 |     2 ||     9
       Paralysed         |       |     4 ||     4
       Invisible         |       |     1 ||     1
       Distracted        |       |     1 ||     1
  Eat: Ration            |     1 |     2 ||     3
Armor: Robe              |     4 |     9 ||    13
Dodge: Dodged            |   113 |   147 ||   260
       Rpst.: Falchion   |    34 |    49 ||    83

Levels and vault maps discovered:
D:1:      evilmike_arrival_hilbert_curve, layout_basic, minmay_pentomino_q4
D:2:      layout_basic, nicolae_ru_great_annihilating_truth, uniq_robin,
          uniq_natasha
D:3:      layout_basic, eat_drink_and_be_merry_uskayaw,
          amethyst_overflow_temple_binary, elyvilon_altar_1,
          lemuel_doored_altar, gammafunk_ghost_nasty_kobolds, first_ration,
          nicolae_ashenzari_panopticon
D:4:      layout_basic, nicolae_qazlal_general_emergency,
          minmay_temple_entry_glass, gammafunk_ghost_arena,
          minmay_hollow_rounded_squares, uniq_ijyb

Notes
Turn   | Place    | Note
-------+----------+-------------------------------------------
     0 | D:1      | sanka the Halfling Monk began the quest for the Orb.
     0 | D:1      | Reached XP level 1. HP: 15/15 MP: 1/1
    53 | D:1      | Reached XP level 2. HP: 16/20 MP: 2/2
   119 | D:1      | Reached skill level 3 in Fighting
   179 | D:1      | Reached skill level 3 in Stealth
   586 | D:1      | Reached XP level 3. HP: 26/26 MP: 3/3
  1092 | D:2      | Reached skill level 4 in Dodging
  1314 | D:3      | HP: 2/26 [orc/+0 flail (9)]
  1704 | D:2      | Reached XP level 4. HP: 25/31 MP: 4/4
  1798 | D:2      | Found a sacrificial altar of Ru.
  1808 | D:2      | Became a worshipper of Ru the Awakened
  1812 | D:2      | Gained mutation: You are missing a hand. [Ru sacrifice]
  1812 | D:2      | Reached * piety under Ru
  1812 | D:2      | Reached ** piety under Ru
  1812 | D:2      | Reached *** piety under Ru
  1844 | D:2      | Noticed Robin
  2165 | D:2      | Noticed Natasha
  2180 | D:2      | Reached XP level 5. HP: 32/36 MP: 5/5
  2185 | D:2      | Killed Natasha
  2185 | D:2      | Reached skill level 4 in Long Blades
  2196 | D:2      | Noticed Natasha
  2285 | D:2      | Killed Robin
  2588 | D:2      | Killed Natasha
  2588 | D:2      | Reached skill level 5 in Dodging
  2948 | D:3      | Found a burning altar of Makhleb.
  2963 | D:3      | Found a hide-covered altar of Uskayaw.
  2972 | D:3      | Reached XP level 6. HP: 39/42 MP: 6/6
  3374 | D:3      | Found a white marble altar of Elyvilon.
  3429 | D:3      | Found a runed translucent gate.
  3430 | D:3      | Found a runed translucent gate.
  3430 | D:3      | Noticed drasked's ghost (amateur SpCj)
  3431 | D:3      | Found a runed translucent gate.
  3432 | D:3      | Identified the cursed +1 short sword "Halfling's Death"
                  | {pain, Str+2}
  3671 | D:3      | Found a shattered altar of Ashenzari.
  3681 | D:3      | Found an ornate altar of the Wu Jian Council.
  3681 | D:3      | Found a glowing golden altar of the Shining One.
  3982 | D:4      | HP: 4/42 [poisoned by a scorpion]
  3985 | D:4      | HP: 1/42 [poisoned by a scorpion]
  3986 | D:4      | Succumbed to a scorpion's poison

Vanquished Creatures
  Natasha (twice) (D:2)
  Robin (D:2)
  6 adders
  An ooze (D:2)
  A worm (D:3)
  2 dart slugs
  2 leopard geckos (D:2)
  5 orcs (D:3)
  2 ball pythons (D:1)
  6 bats
  3 giant cockroaches
  18 goblins
  12 hobgoblins
  A quokka (D:2)
  4 frilled lizards
  7 kobolds
  7 rats
80 creatures vanquished.

Vanquished Creatures (others)
  A goblin (D:3)
1 creature vanquished.

Grand Total: 81 creatures vanquished
